 Dungeon Crawl Stone Soup version 0.32-a0-975-g85d4e5bfdb (webtiles) character file.

Game seed: 16633985354550700304

79 Maxmaps the Trooper (level 4, -6/37 HPs)
             Began as a Demonspawn Shapeshifter on Apr 19, 2024.
             Mangled by Crazy Yiuf
             ... wielding a +2 quarterstaff of chaos
              (13 damage)
             ... on level 3 of the Dungeon.
             The game lasted 00:03:11 (2172 turns).

Maxmaps the Trooper (Demonspawn Shapeshifter)       Turns: 2172, Time: 00:03:11

Health: -6/37      AC:  4    Str: 14    XL:     4   Next: 16%
Magic:  4/4        EV: 11    Int: 12    God:
Gold:   207        SH:  0    Dex: 13    Spells: 3/3 levels left

rFire   . . .        q - +0 morningstar
rCold   . . .        (no shield)
rNeg    . . .        a - +0 animal skin
rPois   .            (helmet currently unavailable)
rElec   .            (cloak currently unavailable)
rCorr   .            (gloves currently unavailable)
SInv    .            (boots currently unavailable)
Will    .....        (no amulet)
Stlth   +            (no ring)
HPRegen 0.26/turn    (no ring)
MPRegen 0.09/turn

%: no passive effects
@: lethally poisoned (-6 -> -16), beast-form
A: beast (slay +1), thin metallic scales 1
a: Begin Untransformation


You were on level 3 of the Dungeon.
You were a hulking beast.
You visited 1 branch of the dungeon, and saw 3 of its levels.

You collected 207 gold pieces.

Inventory:

Hand Weapons
 q - a +0 morningstar (weapon)
Armour
 a - a +0 animal skin (worn)
 j - a +0 pair of boots
Talismans
 c - a beast talisman (active)
 d - a flux talisman
Wands
 w - a wand of flame (11)
Scrolls
 e - 4 scrolls of identify {unknown}
 g - a scroll of vulnerability {unknown}
 h - a scroll of brand weapon {unknown}
 l - 2 scrolls of fear {unknown}
 m - a scroll of fog {unknown}
 n - a scroll of torment {unknown}
 o - a scroll of poison {unknown}
 p - a scroll of teleportation {unknown}
 r - a scroll of enchant weapon {unknown}
 v - 2 scrolls of amnesia {unknown}
Potions
 b - a potion of lignification
 f - 3 potions of haste {unknown}
 i - a potion of might {unknown}
 k - a potion of invisibility {unknown}
 s - 2 potions of heal wounds {unknown}
 t - a potion of curing {unknown}
 u - a potion of degeneration {unknown}


   Skills:
 - Level 4.0 Fighting
 + Level 0.2 Maces & Flails
 - Level 1.7 Dodging
 - Level 2.6 Unarmed Combat
 - Level 2.6 Shapeshifting


You had 3 spell levels left.
You didn't know any spells.
Your spell library contained the following spells:

 Spells                   Type           Power      Damage    Failure   Level
 Freeze                   Ice            0%         1d3       32%         1
 Slow                     Hex            0%         N/A       32%         1
 Confusing Touch          Hex            0%         N/A       69%         3
 Frozen Ramparts          Ice            0%         1d1       69%         3
 Hailstorm                Conj/Ice       0%         3d5       69%         3
 Vampiric Draining        Necr           0%         2d6       69%         3


Dungeon Overview and Level Annotations

Branches:
Dungeon (3/15)

Altars:
Qazlal
Sif Muna

Shops:
D:1 *   D:2 =

Annotations:
D:3 Crazy Yiuf


Innate Abilities, Weirdness & Mutations

You are a hulking beast.
Your limbs bulge with bestial killing power. (Slay +1)
You are partially covered in thin metallic scales. (AC +2)


Message History

No target in view!
You see here 3 stones.
Found a hammer.
No target in view!
Found two hammers.
No target in view!
No target in view!
No target in view!
No target in view!
You see here a +0 hammer.
Found seven hammers.
Found a runed translucent door.
You see here a +0 hammer.
No target in view!
Found a hammer.
Crazy Yiuf shouts!
Crazy Yiuf says, "Crazy?
Crazy!?
PORCUPINE!"
You see here a +0 hammer.
You see here a +0 hammer.
Found three hammers.
You see here a +0 hammer.
No reachable target in view!
No reachable target in view!
You open the door. You sock Crazy Yiuf!
Crazy Yiuf is severely wounded.
Crazy Yiuf hits you with a +2 quarterstaff of chaos!
You are poisoned.
Crazy Yiuf barely misses you.
You hit Crazy Yiuf.
Crazy Yiuf is almost dead.
You feel extremely sick.
Crazy Yiuf twirls on the spot.
Crazy Yiuf hits you with a +2 quarterstaff of chaos.
Crazy Yiuf freezes you.
You completely miss Crazy Yiuf.
Crazy Yiuf is almost dead.
* * * LOW HITPOINT WARNING * * *
You feel very sick.
Crazy Yiuf hits you with a +2 quarterstaff of chaos!
You die...

##### #).)#
#)))# )))
####### #g#
#.....# #h##
##.##### ##)#
#####.#.## #)##
.....###.# ##)#
#####.#.##
##)## ##.##
##..)# #.#
#....# #.####
#....#
#...(#####....#


You could see Crazy Yiuf.

Vanquished Creatures
  2 adders (D:2)
  A ribbon worm (D:2)
  6 ball pythons (D:1)
  9 bats
  5 endoplasms
  A giant cockroach (D:3)
  5 goblins (D:1)
  4 hobgoblins
  2 jackals (D:3)
  4 quokkas
  2 frilled lizards
  11 kobolds
  4 rats
56 creatures vanquished.

Notes
Turn   | Place    | Note
-------+----------+-------------------------------------------
     0 | D:1      | Maxmaps the Demonspawn Shapeshifter began the quest for the
                  | Orb.
     0 | D:1      | Reached XP level 1. HP: 15/15 MP: 1/1
   119 | D:1      | Reached skill level 2 in Fighting
   140 | D:1      | Gained mutation: You are partially covered in thin metallic
                  | scales. (AC +2) [demonic ancestry]
   140 | D:1      | Reached XP level 2. HP: 17/22 MP: 2/2
   277 | D:1      | Found Oniaw's Assorted Antiques.
   576 | D:1      | Reached skill level 3 in Fighting
   577 | D:1      | Reached XP level 3. HP: 25/29 MP: 3/3
  1328 | D:2      | Found Fadonief's Jewellery Shoppe.
  1709 | D:3      | Reached XP level 4. HP: 30/37 MP: 4/4
  1751 | D:3      | Found a shimmering blue altar of Sif Muna.
  1761 | D:3      | Reached skill level 4 in Fighting
  1808 | D:3      | Found a stormy altar of Qazlal.
  2116 | D:3      | Found a faded altar of an unknown god.
  2165 | D:3      | Found a runed translucent door.
  2166 | D:3      | Noticed Crazy Yiuf
  2172 | D:3      | Mangled by Crazy Yiuf

Illustrated notes

Levels and vault maps discovered:
D:1:      lightli_arrival_maybe_door_vault, layout_basic, serial_shops,
          nicolae_shop_statue_plus, minmay_split_cup_small
D:2:      layout_loops_ring, serial_shops, nicolae_diamond_shop, minivault_27
D:3:      layout_loops_ring, mainiacjoe_overflow_cross_hatched,
          mainiacjoe_overflow_small_starburst,
          hellmonk_ecumenical_altar_leap_of_faith, nrook_campfire,
          minmay_misc_feat_room, uniq_crazy_yiuf_cottage

Skill      XL: |  1  2  3  4 |
---------------+-------------+-----
Fighting       | 2 3 4 |  4.0
Maces & Flails | |  0.2
Dodging        | |  1.7
Unarmed Combat | |  2.6
Shapeshifting  | |  2.6

Action                     |  1- 3 |  4- 6 || total
---------------------------+-------+-------++-------
  Melee: Unarmed           |   144 |    19 ||   163
         Punch             |     3 |       ||     3
         Morningstar       |       |     7 ||     7
   Stab: Sleeping          |     2 |     2 ||     4
 Armour: Animal skin       |   100 |    17 ||   117
  Dodge: Dodged            |    88 |    15 ||   103

Table legend: (Time is in decaauts)
 A = Elapsed time spent in this place.
 B = Non-inter-level travel time spent in this place.
 C = Inter-level travel time spent in this place.
 D = Time resting spent in this place.
 E = Time spent auto-exploring this place.
 F = Levels seen in this place.
 G = Mean time per level.
                   A        B        C        D        E       F      G
               +--------+--------+--------+--------+--------+-----+--------+
         Total |   2166 |   2096 |     70 |      0 |   1672 |   3 |  722.0 |
       Dungeon |   2166 |   2096 |     70 |      0 |   1672 |   3 |  722.0 |
               +--------+--------+--------+--------+--------+-----+--------+

Top non-repeatable levels by time:
     D:1: 899 daAuts
     D:2: 790 daAuts
     D:3: 476 daAuts
